 Dungeon Crawl Stone Soup version 0.27.0-1-g7a089689b8 (webtiles) character file.

Game seed: 10565006849428720467

25 backslashecho the Skirmisher (level 3, 0/24 HPs)
             Began as a Gargoyle Berserker on Aug 3, 2021.
             Was a Follower of Trog.
             Slain by a kobold (3 damage)
             ... on level 2 of the Dungeon.
             The game lasted 00:02:25 (898 turns).

backslashecho the Skirmisher (Gargoyle Berserker)    Turns: 898, Time: 00:02:26

Health: 0/24       AC: 11    Str: 21    XL:     3   Next: 4%
Magic:  3/3        EV: 10    Int:  7    God:    Trog [*.....]
Gold:   79         SH:  0    Dex: 15    Spells: 2/2 levels left

rFire    . . .     SeeInvis .   a - +0 hand axe
rCold    . . .     Faith    .   (no shield)
rNeg     + . .     Spirit   .   f - +0 scale mail
rPois    ∞         Reflect  .   (no helmet)
rElec    +         Harm     .   g - +0 cloak
rCorr    .         Rampage  .   (no gloves)
Will     .....                  (no boots)
Stlth    ..........             (no amulet)
HPRegen  0.08/turn              d - +6 ring of dexterity
MPRegen  0.08/turn              (no ring)

@: no status effects
A: sickness immunity, AC +3, negative energy resistance 1, electricity
resistance, torment resistance 1, petrification resistance
a: Renounce Religion, Berserk


You were on level 2 of the Dungeon.
You worshipped Trog.
Trog was aware of your devotion.
You visited 1 branch of the dungeon, and saw 2 of its levels.

You collected 79 gold pieces.

Inventory:

Hand Weapons
 a - a +0 hand axe (weapon)
Armour
 f - a +0 scale mail (worn)
 g - a +0 cloak (worn)
Jewellery
 d - a +6 ring of dexterity (left hand)
Scrolls
 b - a scroll of enchant weapon {unknown}
Potions
 c - a potion of lignification {unknown}


   Skills:
 + Level 3.6 Fighting
 + Level 3.0 Axes
 + Level 2.6 Armour
 - Level 1.5 Dodging
 - Level 1.0 Unarmed Combat


You had 2 spell levels left.
You didn't know any spells.
Your spell library was empty.

Dungeon Overview and Level Annotations

Branches:
Dungeon (2/15)

Altars:


Innate Abilities, Weirdness & Mutations

You are immune to sickness and miasma.
Your stone body is resilient. (AC +3)
You are immune to poison.
You resist negative energy. (rN+)
You are resistant to electric shocks. (rElec)
You are resistant to unholy torment.
You are immune to petrification.


Message History

The endoplasm is heavily wounded.
The endoplasm barely misses you.
You barely miss the endoplasm.
The endoplasm is heavily wounded.
You closely miss the kobold.
The kobold hits you with a +2 vampiric dagger.
The endoplasm freezes you.
You are frozen.
You take 6 damage, and have 13/23 hp.
MASSIVE DAMAGE!!
You hit the endoplasm.
The endoplasm is almost dead.
Your scale mail prevents you from hitting the kobold.
The kobold hits you but does no damage.
The endoplasm hits you but does no damage.
You hit the endoplasm but do no damage.
The endoplasm is almost dead.
You closely miss the kobold. The kobold barely misses you.
The endoplasm freezes you.
You are frozen.
You take 3 damage, and have 10/23 hp.
You are too injured to fight recklessly!
You are too injured to fight recklessly!
You are too injured to fight recklessly!
You hit the endoplasm but do no damage.
The endoplasm is almost dead.
You hit the kobold but do no damage. The kobold hits you but does no damage.
The endoplasm closely misses you.
The kobold hits you with a +2 vampiric dagger.
* * * LOW HITPOINT WARNING * * *
You take 4 damage, and have 6/23 hp.
You hit the endoplasm.
You kill the endoplasm!
Trog accepts your kill.
Your scale mail prevents you from hitting the kobold.
The kobold hits you with a +2 vampiric dagger.
* * * LOW HITPOINT WARNING * * *
You take 3 damage, and have 3/24 hp.
You barely miss the kobold.
The kobold hits you with a +2 vampiric dagger.
You die...

. # #.#.........# <.
#.###...#####
+#.#####.# #.......##
.........###.........
.#.........†.......##
........#####........
.....................
......###............
...... #.@K.........
......#..............
.....................
.....................
.....................
.._...####.....
...... ..... ......
.....


You could see a kobold.

Vanquished Creatures
  A dart slug (D:1)
  2 ball pythons
  2 endoplasms
  2 goblins (D:1)
  6 hobgoblins
  2 jackals (D:1)
  3 frilled lizards (D:1)
  2 rats (D:1)
20 creatures vanquished.

Notes
Turn   | Place    | Note
-------+----------+-------------------------------------------
     0 | D:1      | backslashecho the Gargoyle Berserker began the quest for
                  | the Orb.
     0 | D:1      | Reached XP level 1. HP: 14/14 MP: 1/1
   293 | D:1      | Reached XP level 2. HP: 19/19 MP: 2/2
   599 | D:1      | Reached skill level 1 in Unarmed Combat
   880 | D:2      | Reached XP level 3. HP: 22/23 MP: 3/3
   890 | D:2      | Found a faded altar of an unknown god.
   898 | D:2      | Slain by a kobold

Illustrated notes

Levels and vault maps discovered:
D:1:      dpeg_arrival_triangle_fractal, layout_rooms
D:2:      layout_basic, basic_ecumenical_altar, uniq_terence

Skill      XL: |  1  2 |
---------------+-------+-----
Unarmed Combat | 1 |  1.0
Axes           | 3 |  3.0
Fighting       | |  3.6
Armour         | |  2.6
Dodging        | |  1.5

Action                   || total
-------------------------++-------
Melee: Hand axe          ||    63
Invok: Berserk           ||     2
Armor: Leather armour    ||    13
       Animal skin       ||     2
       Scale mail        ||     8
Dodge: Dodged            ||    43
